[Event "83rd ESP-ch Women-ch 2018"]
[Site "Linares"]
[Date "2018.08.26"]
[Round "7"]
[White "Pablos Tenrero, Raquel"]
[Black "Garcia Romero, Benjamin Abel"]
[Result "1-0"]
[ECO "D00"]
[WhiteElo "2015"]
[BlackElo "2230"]
[Annotator "NA"]
[PlyCount "117"]
[EventDate "2018.08.09"]
[EventType "tourn"]
[EventCountry "ESP"]
[SourceTitle "playchess.com"]
[Source "ChessBase"]
[SourceQuality "1"]
[TimeControl "40/5400+30:1800+30"]

1. d4 d5 2. Nc3 Nf6 3. Bf4 e6 4. e3 Bb4 {[%emt 0:00:30] D00: 1 d4 d5: Unusual lines} 5. Bd3 (5. Nge2 Nh5 6. a3 Be7 7. Be5 Nd7 8. g4 Nhf6 9. Bf4 O-O 10. Ng3 c5 11. g5 Ne8 12. h4 {1-0 (47) Rapport,R (2698)-Grischuk,A (2750) chess.com INT 2017}) 5... c5 6. dxc5 Nbd7 7. Nf3 O-O 8. Bd6 $146 ({Predecessor:} 8. O-O Bxc3 9. bxc3 Nxc5 10. Be5 b6 11. a4 Nfe4 12. c4 {0-1 (66) Markovich,M (2184)-Junge,W (2360) ICCF email 2015}) 8... Re8 9. O-O Nxc5 10. Be5 a6 11. a3 Nxd3 12. Qxd3 Bd6 13. Bxd6 Qxd6 14. e4 e5 15. Nxd5 Nxd5 16. Qxd5 Qf6 17. Rad1 Bg4 18. Qd3 Rac8 19. c3 Qg6 20. Qe3 Qh5 21. h3 Be6 22. Qg5 Qxg5 23. Nxg5 Bc4 24. Rfe1 Red8 25. Nf3 f6 26. Nd2 Bd3 27. Nf1 Kf7 28. f3 Bc2 29. Rxd8 Rxd8 30. Kf2 Bb3 31. Re2 Ke6 32. Rd2 Rc8 33. Ne3 g6 34. g4 a5 35. h4 Ba4 36. Kg3 Be8 37. g5 f5 38. exf5+ gxf5 39. f4 Rc5 40. c4 exf4+ 41. Kxf4 Re5 42. Rd4 Bc6 43. b4 b6 44. Nd5 Re1 45. Nc7+ Ke7 46. Kxf5 Bd7+ 47. Kf4 Rf1+ 48. Kg3 Bc6 49. Nd5+ Ke6 50. Rf4 Ra1 51. Rf6+ Kd7 52. Nxb6+ Kc7 53. bxa5 Rxa3+ 54. Kg4 Rxa5 {[%emt 0:01:44] [#]} 55. Nd5+ $18 Bxd5 56. cxd5 Rxd5 57. Rf7+ Rd7 58. Rxd7+ Kxd7 59. Kh5 1-0

[Event "83rd ESP-ch Women-ch 2018"]
[Site "Linares"]
[Date "2018.08.26"]
[Round "7"]
[White "Sosa Suarez, Carla Cristina"]
[Black "Jimenez Bernal, Francisco"]
[Result "1/2-1/2"]
[ECO "B96"]
[WhiteElo "2006"]
[BlackElo "2250"]
[Annotator "NA"]
[PlyCount "67"]
[EventDate "2018.08.09"]
[EventType "tourn"]
[EventCountry "ESP"]
[SourceTitle "playchess.com"]
[Source "ChessBase"]
[SourceQuality "1"]
[TimeControl "40/5400+30:1800+30"]

1. e4 c5 2. Nf3 d6 3. d4 Nf6 4. Nc3 cxd4 5. Nxd4 a6 6. Bg5 e6 7. f4 Nbd7 8. Bc4 Qb6 9. Bb3 {[%emt 0:04:18] B96: Sicilian Najdorf: 6 Bg5 e6 7 f4, lines other than 7...Qb6 and 7...Be7} Nc5 (9... Be7 10. f5 Nc5 11. Be3 Qc7 12. O-O b5 13. a3 Nxb3 14. cxb3 O-O 15. Qf3 {½-½ (61) Jobava,B (2730)-Wojtaszek,R (2717) Poznan 2012}) 10. Bxf6 Nxb3 $146 ({Predecessor:} 10... gxf6 11. Qd2 Bd7 12. O-O-O O-O-O 13. Kb1 h5 14. Rhf1 Nxb3 15. Nxb3 Kb8 16. a4 Qb4 {½-½ (37) Caceres,D (2016)-Santiago,Y (2291) Natal 2009}) 11. axb3 gxf6 12. f5 h5 13. Qd3 Bh6 14. Rf1 Bd7 15. Rf3 O-O-O 16. Nd1 e5 17. Ne2 Bc6 18. c4 Rhg8 19. Kf1 Rg7 20. Rg3 Rxg3 21. Nxg3 {[%emt 0:03:25] [#]} h4 $2 (21... d5 $1 $19 22. Qf3 (22. exd5 $2 Rxd5 23. cxd5 Bb5 $19) (22. cxd5 Bb5) 22... dxe4 23. Nxe4 Bxe4 24. Qxe4 Qxb3) 22. Ne2 Qc5 23. Nf2 Rg8 24. h3 Kc7 25. Ng4 Bg5 26. Nc3 Kd7 27. Na4 Qb4 $11 28. Qc3 Qxc3 29. Nxc3 Ke7 30. Ke2 Rc8 31. Ra5 Bc1 32. Ra2 Rc7 33. Kd1 Bg5 34. Ra5 1/2-1/2

[Event "83rd ESP-ch Women-ch 2018"]
[Site "Linares"]
[Date "2018.08.26"]
[Round "7"]
[White "Blazquez Gomez, Miguel"]
[Black "Sanchez Jerez, Emilio Miguel"]
[Result "0-1"]
[ECO "B20"]
[WhiteElo "1998"]
[BlackElo "2246"]
[Annotator "NA"]
[PlyCount "90"]
[EventDate "2018.08.09"]
[EventType "tourn"]
[EventCountry "ESP"]
[SourceTitle "playchess.com"]
[Source "ChessBase"]
[SourceQuality "1"]
[TimeControl "40/5400+30:1800+30"]

1. e4 c5 2. a3 Nf6 {[%emt 0:00:00] B20: Sicilian: Unusual White 2nd moves} (2... Nc6 3. b4 Nf6 4. b5 Nd4 5. c3 Ne6 6. d3 g6 7. g3 Bg7 8. Bg2 O-O 9. Ne2 a6 10. bxa6 Rxa6 {½-½ (51) Nepomniachtchi,I (2751)-Dubov,D (2701) Moscow 2018}) 3. e5 Nd5 4. Nc3 Nxc3 5. dxc3 d5 6. exd6 exd6 $146 ({Predecessor:} 6... Qxd6 7. Qe2 e6 8. g3 Bd7 9. Bf4 Qb6 10. O-O-O {1-0 (29) Zelesco,K (2210)-Smith,R (2233) Auckland 2015}) 7. Qf3 Be7 8. Be3 Nc6 9. Bb5 O-O 10. Bxc6 bxc6 11. Ne2 a5 12. O-O Rb8 13. b3 Qd7 14. Rfe1 Qf5 15. Qxf5 Bxf5 16. Ng3 Bxc2 17. Rac1 Bd3 18. Bf4 {[%emt 0:06:17] [#]} g5 $1 19. Bd2 Rfe8 20. Nh5 h6 21. h4 Bg6 22. g4 Bxh5 23. gxh5 Kg7 24. b4 c4 25. bxa5 gxh4 26. Re4 ({Better is} 26. Kh1) 26... d5 27. Rg4+ Kh7 28. Re1 Rg8 29. f3 Bxa3 30. Kg2 Rb2 31. Re2 Ra2 32. Rxg8 Kxg8 33. Kh3 Kh7 34. Rg2 Bc5 35. Bf4 Rxa5 36. Be5 Bf8 37. Rb2 Bg7 38. f4 Bxe5 39. fxe5 Ra3 40. Rb7 Rxc3+ 41. Kxh4 Kg8 42. Kg4 Re3 43. Kf4 Re4+ 44. Kf5 c3 $19 45. e6 Rxe6 0-1

[Event "83rd ESP-ch Women-ch 2018"]
[Site "Linares"]
[Date "2018.08.26"]
[Round "7"]
[White "Antunez Munoz, Ines"]
[Black "Castellanos Gomez, Alejandro"]
[Result "0-1"]
[ECO "C05"]
[WhiteElo "1956"]
[BlackElo "2320"]
[Annotator "NA"]
[PlyCount "80"]
[EventDate "2018.08.09"]
[EventType "tourn"]
[EventCountry "ESP"]
[SourceTitle "playchess.com"]
[Source "ChessBase"]
[SourceQuality "1"]
[TimeControl "40/5400+30:1800+30"]

1. e4 e6 2. d4 d5 3. Nd2 Nf6 4. e5 Nfd7 5. f4 c5 6. Ngf3 Nc6 7. Nb3 {[%emt 0:00:44] C05: French Tarrasch: 3...Nf6 4 e5 Nfd7, 5 f4 and 5 Bd3 sidelines} Be7 (7... c4 8. Nbd2 Qa5 9. c3 b5 10. Be2 b4 11. Nb1 Nb6 12. O-O Bd7 13. Kh1 Be7 14. Bd2 Rb8 15. cxb4 Nxb4 {1-0 (37) Mamedov,R (2659)-Wang,H (2729) Dubai 2014}) 8. Be2 cxd4 9. Nbxd4 Nc5 10. O-O Bd7 11. c3 a6 12. Be3 O-O 13. Qc2 $146 ({Predecessor:} 13. a4 Rb8 14. a5 Ne4 15. Nb3 Rc8 16. Bd3 {1-0 (29) Oliva Castaneda,K (2510)-Bru Rullo,L (2239) Sabadell 2017}) 13... Qc7 14. Rad1 Rac8 15. Nxc6 Bxc6 16. Kh1 Ba4 17. b3 Be8 18. Nd4 b5 19. Bf3 Bd7 20. Rde1 g6 21. Bf2 Nb7 22. Re3 Qa5 23. f5 Bg5 $1 24. Rd3 Qc7 25. Be3 Bxe3 26. Rxe3 gxf5 27. Bxd5 Kh8 28. Bf3 Rg8 29. Qf2 Nc5 30. Qh4 Qd8 31. Qh5 Be8 32. Bd1 Ne4 33. Bc2 Rxc3 34. Rxc3 Nxc3 35. Nf3 Rg7 36. Nh4 Bc6 37. Rf2 Qd4 38. Rf1 Qd2 39. Bb1 Bxg2+ 40. Kg1 Bf3+ 0-1

[Event "83rd ESP-ch Women-ch 2018"]
[Site "Linares"]
[Date "2018.08.26"]
[Round "7"]
[White "Serrano Garcia, Luis"]
[Black "Esquivias Quintero, Luis Manuel"]
[Result "0-1"]
[ECO "B24"]
[WhiteElo "1915"]
[BlackElo "2260"]
[Annotator "NA"]
[PlyCount "58"]
[EventDate "2018.08.09"]
[EventType "tourn"]
[EventCountry "ESP"]
[SourceTitle "playchess.com"]
[Source "ChessBase"]
[SourceQuality "1"]
[TimeControl "40/5400+30:1800+30"]

1. e4 c5 2. Nc3 Nc6 3. Bb5 Nd4 4. Bc4 a6 {[%emt 0:00:00] B23: Closed Sicilian: Lines without g3} (4... e6 5. Nge2 Ne7 6. Nxd4 cxd4 7. Ne2 Nc6 8. O-O a6 9. d3 d5 10. exd5 exd5 11. Bb3 Bd6 12. Nf4 Bxf4 13. Bxf4 O-O 14. Qf3 Be6 15. Rfe1 {1-0 (58) Cornette,M (2611)-Lenic,L (2662) chess.com INT 2018}) 5. a4 g6 6. Nf3 Bg7 7. O-O e6 8. d3 Ne7 9. Nxd4 cxd4 10. Ne2 d5 11. exd5 Nxd5 12. Nf4 Ne7 13. Bd2 $146 ({Predecessor:} 13. Qf3) 13... O-O 14. Qf3 Rb8 15. h4 Bd7 16. h5 Bc6 17. Qh3 Qd6 18. Rfe1 e5 19. hxg6 hxg6 20. Ne2 Bd7 21. Qh2 b5 22. axb5 Bxb5 23. Bb3 (23. Ng3 $1 $14 {behält die Oberhand.} Bxc4 24. Ne4) 23... Bxd3 $1 24. Bxf7+ Rxf7 25. cxd3 Rxb2 26. Bc1 Rc2 27. Ba3 Qf6 $17 28. Qg3 Nf5 29. Qf3 Bh6 0-1

[Event "83rd ESP-ch Women-ch 2018"]
[Site "Linares"]
[Date "2018.08.26"]
[Round "7"]
[White "Cesar Maestre, Bernardo"]
[Black "Garcia Garcia, Adrian Antonio"]
[Result "0-1"]
[ECO "A40"]
[WhiteElo "1861"]
[BlackElo "2179"]
[Annotator "NA"]
[PlyCount "120"]
[EventDate "2018.08.09"]
[EventType "tourn"]
[EventCountry "ESP"]
[SourceTitle "playchess.com"]
[Source "ChessBase"]
[SourceQuality "1"]
[TimeControl "40/5400+30:1800+30"]

1. d4 e6 2. Nf3 f5 3. Nc3 Nf6 4. Bg5 d5 5. e3 Bd6 {[%emt 0:00:51] A80: Dutch Defence: Unusual White second moves} (5... Be7 6. Bd3 O-O 7. O-O Ne4 8. Bxe7 Qxe7 9. Ne2 Nd6 10. Rc1 Nd7 11. c4 c6 12. Qb3 Kh8 13. Qa3 a5 14. Ne5 {½-½ (45) So,W (2770)-Carlsen,M (2855) Leuven 2016}) 6. Nb5 O-O $146 ({Predecessor:} 6... Bb4+ 7. c3 Be7 8. c4 c6 9. Nc3 O-O 10. Bd3 Ne4 11. Bxe7 Qxe7 12. O-O Nd7 13. Qc2 {½-½ (51) Jovanic,O (2508)-Garbisu de Goni,U (2411) Palic 2017}) 7. Nxd6 Qxd6 8. c3 c5 9. Bf4 Qb6 10. Qb3 c4 11. Qxb6 axb6 12. Bxb8 Rxb8 13. b3 b5 14. Nd2 Ra8 15. f3 Bd7 16. b4 g5 17. Be2 Ra6 18. a3 Rfa8 19. Nb1 f4 20. exf4 gxf4 21. Bd1 e5 22. dxe5 Re8 23. Kd2 Rxe5 24. Re1 Rg5 25. Re2 Kf7 26. Kc1 Ne8 27. Raa2 Ng7 28. Rad2 Rd6 29. Bc2 Re6 30. Rxe6 Kxe6 31. Bxh7 Rh5 32. Bg8+ Kd6 33. g4 fxg3 34. hxg3 Bc6 35. g4 Rh8 36. Bf7 Rf8 37. Bg6 Rxf3 38. Rh2 Rf6 39. Bc2 Rf1+ 40. Kb2 Rg1 41. Rh6+ Ke5 42. Nd2 Kf4 43. Rf6+ Ke3 44. Nf3 $2 (44. Nb1 $17) 44... Rf1 45. Rf7 Rxf3 46. Rxg7 d4 47. cxd4 $19 Kd2 48. Rg5 c3+ 49. Kb3 Be4 50. Bxe4 c2+ 51. Bxf3 c1=Q 52. Be4 Qc4+ 53. Kb2 Qxd4+ 54. Ka2 Qxe4 55. Rc5 b6 56. Rf5 Kc3 57. Rf2 Qe6+ 58. Ka1 Qe1+ 59. Ka2 Qxf2+ 60. Kb1 Qb2# 0-1

[Event "83rd ESP-ch Women-ch 2018"]
[Site "Linares"]
[Date "2018.08.27"]
[Round "8"]
[White "Arroyo Rodriguez, Jesus"]
[Black "Diaz Rodriguez, Jose Antonio"]
[Result "1/2-1/2"]
[ECO "A05"]
[WhiteElo "2099"]
[BlackElo "1991"]
[Annotator "NA"]
[PlyCount "84"]
[EventDate "2018.08.09"]
[EventType "tourn"]
[EventCountry "ESP"]
[SourceTitle "playchess.com"]
[Source "ChessBase"]
[SourceQuality "1"]
[TimeControl "40/5400+30:1800+30"]

1. Nf3 Nf6 2. g3 c6 3. c4 g6 4. b3 d6 5. d4 Bg7 6. Bb2 O-O 7. Bg2 a5 {[%emt 0:09:01] E60: King's Indian: Unusual lines and Fianchetto Variation without Nc3} (7... Nbd7 8. O-O Qc7 9. Nc3 Re8 10. e4 e5 11. h3 b6 12. d5 cxd5 13. cxd5 Ba6 14. Re1 Nc5 15. Bf1 Bxf1 16. Kxf1 Rec8 17. Kg2 a6 18. Qe2 {1-0 (57) Skoberne,J (2563)-Onischuk,V (2632) Batumi 2018}) 8. a3 Bg4 $146 ({Predecessor:} 8... Nbd7 9. O-O Qb6 10. Qc2 Re8 11. Nbd2 Qa6 12. e4 e5 13. dxe5 dxe5 14. b4 b5 15. c5 {0-1 (76) Ljangov,P (2090)-Zygouris,H (2225) Bansko 2010}) 9. h3 Bd7 10. O-O Ne4 11. Ne1 d5 12. Nc3 Nxc3 13. Bxc3 Be6 14. c5 Nd7 15. Qd2 Nf6 16. f3 Qc7 17. Qf4 Qd7 18. g4 Ne8 19. Nd3 f6 20. Rfb1 h5 21. b4 axb4 22. Rxb4 Qc8 23. a4 Kh7 24. Bd2 Rh8 25. Rab1 Ra7 26. Kf2 Kg8 27. Qg3 h4 28. Qh2 Nc7 29. Bf4 Na6 $14 30. Rb6 Kf7 31. Qg1 Bh6 32. Bh2 Bd2 33. Qd1 Ba5 34. R6b3 Bc7 35. f4 Qa8 36. Qd2 Bc8 37. e4 e6 38. Qc2 Nb8 39. Rb4 Na6 40. R4b3 Nb8 41. Rb4 Na6 42. R4b3 Qb8 1/2-1/2

[Event "83rd ESP-ch Women-ch 2018"]
[Site "Linares"]
[Date "2018.08.27"]
[Round "8"]
[White "Gil Quilez, Sonia"]
[Black "Antunez Munoz, Ines"]
[Result "1/2-1/2"]
[ECO "D31"]
[WhiteElo "2066"]
[BlackElo "1956"]
[Annotator "NA"]
[PlyCount "122"]
[EventDate "2018.08.09"]
[EventType "tourn"]
[EventCountry "ESP"]
[SourceTitle "playchess.com"]
[Source "ChessBase"]
[SourceQuality "1"]
[TimeControl "40/5400+30:1800+30"]

1. d4 d5 2. c4 e6 3. Nc3 a6 4. cxd5 exd5 5. Qb3 {[%emt 0:00:21] D31: Queen's Gambit Declined: Semi-Slav without ...Nf6 (+ Marshall Gambit and Noteboom) and Exchange Variation lines without ...Nf6} (5. Bf4 Nf6 6. e3 Bd6 7. Bg5 Be6 8. Bd3 Nbd7 9. f4 h6 10. Bh4 g5 11. fxg5 hxg5 12. Bxg5 Rxh2 13. Rxh2 Bxh2 {1-0 (69) Yu,Y (2762)-Fedoseev,V (2707) Danzhou 2018}) 5... Nc6 6. Nf3 Be6 7. Bf4 Bd6 8. Bg3 $146 ({Predecessor:} 8. Bxd6 Qxd6 9. Qxb7 Rb8 10. Qxa6 Rxb2 11. e3 Rc2 12. Nb1 {1-0 (31) Kezin,R (2382)-Kagirov,R (2289) Novosibirsk 2014}) 8... Nf6 9. e3 O-O 10. a3 Rb8 11. Bd3 Ne7 12. Qc2 c6 13. Ne5 g6 14. Bf4 Kg7 15. h3 Qc7 16. g4 c5 17. Be2 cxd4 18. exd4 Ne4 19. Qc1 Rfc8 20. Bh6+ Kg8 21. Qf4 Nc6 22. Nxe4 dxe4 23. Qf6 Bf8 24. Bxf8 Rxf8 25. Rd1 Rfd8 26. O-O Rd6 27. Nxc6 Qxc6 28. Qf4 Rbd8 29. Qe3 Qb6 30. Rd2 Bd5 31. Rc1 Rc6 32. Rc5 Qc7 33. b4 Qd6 34. Rdc2 f5 35. gxf5 gxf5 36. Rxc6 Bxc6 37. Qg5+ Qg6 38. Qxg6+ hxg6 39. Bxa6 Rxd4 40. b5 Bd5 41. Rc8+ Kg7 42. Rc7+ Kf6 43. Bxb7 Bxb7 44. Rxb7 Ra4 45. Rb6+ Kg5 46. Ra6 Rc4 47. b6 Rc1+ 48. Kg2 Rb1 49. a4 Rb2 50. a5 e3 51. Ra7 Rxf2+ 52. Kg1 Rb2 53. Re7 Kf4 54. b7 Kf3 55. h4 Rb1+ 56. Kh2 Rb2+ 57. Kh3 Rb1 58. Kh2 Rb2+ 59. Kg1 Rb1+ 60. Kh2 Rb2+ 61. Kh3 $11 Rb1 1/2-1/2

[Event "83rd ESP-ch Women-ch 2018"]
[Site "Linares"]
[Date "2018.08.27"]
[Round "8"]
[White "Fernandez Montero, Francisco Manuel"]
[Black "Argibay Fontan, Santiago"]
[Result "1-0"]
[ECO "C28"]
[WhiteElo "2046"]
[BlackElo "1788"]
[Annotator "NA RC"]
[PlyCount "153"]
[EventDate "2018.08.09"]
[EventType "tourn"]
[EventCountry "ESP"]
[SourceTitle "playchess.com"]
[Source "ChessBase"]
[SourceQuality "1"]
[TimeControl "40/5400+30:1800+30"]

1. e4 e5 2. Bc4 Nc6 3. Nc3 Nf6 4. d3 Be7 5. f4 d6 6. Nf3 Bg4 7. h3 {[%emt 0:00:50] C28: Vienna Game: 2...Nf6 3 Bc4 Nc6} (7. O-O Nd4 8. fxe5 Bxf3 9. gxf3 dxe5 10. f4 Bd6 11. Ne2 Nxe2+ 12. Qxe2 Qd7 13. fxe5 Bxe5 14. c3 b5 15. Bb3 {1-0 (32) Kosteniuk,A (2557)-Mamedjarova,T (2260) Riadh 2017}) 7... Be6 8. f5 Bxc4 9. dxc4 Nb8 $146 ({Predecessor:} 9... h6 10. O-O a6 11. Be3 b6 12. a3 Na5 13. Qe2 c5 14. Rad1 Qc7 {½-½ (50) Loskarn,P (1944)-Wagener,H (1685) Germany 2008}) 10. g4 h6 11. Be3 c6 12. Qd2 Qa5 13. O-O-O Na6 14. Kb1 O-O-O 15. Nd5 Qxd2 16. Nxe7+ Kd7 17. Nxd2 Ra8 18. Nxc6 bxc6 19. Rhg1 c5 20. h4 h5 21. g5 Ng4 22. Nf1 Kc7 23. Rg3 Nb4 24. Bg1 a5 25. Nd2 Rhd8 26. c3 Na6 27. Kc2 a4 28. Nb1 Kc6 29. Rgd3 Nc7 30. Na3 Rab8 31. b3 axb3+ 32. axb3 Rb7 33. Nb1 Rbb8 34. Kb2 Rb7 35. Nd2 Na6 36. Ra1 Nc7 37. Rf3 Ra8 38. Rff1 Rba7 39. b4 Ra4 40. Rxa4 Rxa4 41. Ra1 Ra8 42. Rxa8 Nxa8 43. Nb3 Nb6 44. Na5+ Kc7 45. Kb3 Nd7 46. Ka4 Kb6 47. Nb3 Kc6 48. Ka5 Nb6 49. bxc5 Nxc4+ 50. Kb4 Nb2 51. Na5+ Kd7 52. c6+ Kc8 53. Nb7 Nd3+ 54. Kb5 Ngf2 55. Nxd6+ Kc7 56. Bxf2 Nxf2 57. Nxf7 Nxe4 58. Nxe5 Nd6+ 59. Kc5 Nxf5 60. Ng6 Nd6 61. Nf4 Ne4+ 62. Kd4 Nd6 63. Ne6+ Kxc6 64. Nxg7 Nb5+ 65. Kd3 (65. Ke5 $142 Kd7 66. g6) 65... Kd6 66. Nxh5 Ke6 67. g6 Nd6 68. g7 Kf7 69. c4 Nf5 70. c5 Ne7 71. Kc4 Nf5 72. Kd5 Ne7+ 73. Kd6 Nf5+ 74. Kd7 Ne3 75. c6 Nd5 76. c7 Nb6+ 77. Kd8 1-0

[Event "83rd ESP-ch Women-ch 2018"]
[Site "Linares"]
[Date "2018.08.27"]
[Round "8"]
[White "Perez Beltran, Salvador"]
[Black "Vazquez Pino, Miguel Angel"]
[Result "1-0"]
[ECO "A61"]
[WhiteElo "2018"]
[BlackElo "1909"]
[Annotator "NA"]
[PlyCount "78"]
[EventDate "2018.08.09"]
[EventType "tourn"]
[EventCountry "ESP"]
[SourceTitle "playchess.com"]
[Source "ChessBase"]
[SourceQuality "1"]
[TimeControl "40/5400+30:1800+30"]

1. d4 Nf6 2. Nf3 c5 3. d5 e6 4. c4 exd5 5. cxd5 d6 6. Nc3 g6 7. Bf4 Bg7 8. Qa4+ Bd7 9. Qb3 Qc7 10. h3 O-O 11. e3 a6 12. a4 Bf5 13. Nd2 Re8 14. Be2 h6 $16 15. g4 Bc8 16. Nc4 Bf8 17. O-O-O Nbd7 18. h4 Ne4 19. Nxe4 Rxe4 20. Bd3 Re8 21. Bg3 Nf6 22. Nb6 Rb8 23. g5 Ne4 24. h5 Nxg3 25. fxg3 Rxe3 26. hxg6 fxg6 27. gxh6 Bf5 28. Nc4 Rxg3 29. Qc2 Bxd3 30. Rxd3 Rg5 31. Qc3 Kh7 32. Qd2 Qd8 33. Rf3 Rf5 34. Rg3 Qf6 35. Ne3 Rf2 36. Ng4 Qf4 37. Nxf2 Qxg3 38. Ne4 Qb3 39. Ng5+ Kg8 1-0

[Event "83rd ESP-ch Women-ch 2018"]
[Site "Linares"]
[Date "2018.08.27"]
[Round "8"]
[White "Comellas Martos, Lidia"]
[Black "Cesar Maestre, Bernardo"]
[Result "1-0"]
[ECO "B51"]
[WhiteElo "2001"]
[BlackElo "1861"]
[Annotator "NA"]
[PlyCount "41"]
[EventDate "2018.08.09"]
[EventType "tourn"]
[EventCountry "ESP"]
[SourceTitle "playchess.com"]
[Source "ChessBase"]
[SourceQuality "1"]
[TimeControl "40/5400+30:1800+30"]

1. e4 c5 2. Nf3 d6 3. Bb5+ Nd7 4. d4 Ngf6 5. O-O Nxe4 6. Qe2 Nef6 7. dxc5 dxc5 8. Rd1 e6 9. Ne5 a6 10. Bxd7+ Nxd7 11. Na3 Be7 12. Nac4 Qc7 13. Bf4 Nxe5 $18 (13... O-O 14. Ng6 Qd8) 14. Bxe5 Qc6 15. Nd6+ Kf8 16. Qh5 Bxd6 17. Rxd6 Qe8 18. Rad1 Ke7 19. Qg5+ f6 20. Qxg7+ Qf7 21. Bxf6+ 1-0

[Event "83rd ESP-ch Women-ch 2018"]
[Site "Linares"]
[Date "2018.08.27"]
[Round "8"]
[White "Ucles Lirola, Moises"]
[Black "Jimenez de la Torre, Jose Antonio"]
[Result "0-1"]
[ECO "D00"]
[WhiteElo "1858"]
[BlackElo "2076"]
[Annotator "NA"]
[PlyCount "126"]
[EventDate "2018.08.09"]
[EventType "tourn"]
[EventCountry "ESP"]
[SourceTitle "playchess.com"]
[Source "ChessBase"]
[SourceQuality "1"]
[TimeControl "40/5400+30:1800+30"]

1. d4 d5 2. Bf4 c5 3. e3 Nc6 4. Nf3 e6 5. c4 {[%emt 0:01:05] D02: Damenbauernspiele} (5. c3 Bd6 6. Bg3 Nf6 7. Nbd2 O-O 8. Bb5 Ne7 9. Bd3 Qb6 10. Rb1 Ng6 11. Bxg6 hxg6 12. Bxd6 Qxd6 13. Ne5 b6 14. Qf3 Ba6 15. h4 Nd7 16. Nxd7 Qxd7 {0-1 (38) Gelfand,B (2734)-Inarkiev,E (2730) Magas 2016}) 5... Nf6 6. Nc3 dxc4 7. Bxc4 cxd4 8. Nxd4 Nxd4 9. Qxd4 Qxd4 10. exd4 Bb4 $146 ({Vorgänger:} 10... Be7 11. d5 exd5 12. Bxd5 Nxd5 13. Nxd5 {1-0 (24) Morgen,H-Doerrschuck,S Bad Kreuznach 1995}) 11. a3 Ba5 12. b4 Bb6 13. Nb5 a6 14. Nc7+ Bxc7 15. Bxc7 Bd7 16. Bd6 Rc8 17. Bd3 Bc6 18. O-O Kd7 19. Be5 Nd5 20. f3 f6 21. Bg3 Bb5 22. Bxb5+ axb5 23. a4 bxa4 24. Rxa4 Rc4 25. Ra7 Rxb4 26. Rc1 g5 27. h3 h6 28. Ra5 Rc8 29. Rxc8 Kxc8 30. Ra8+ Kd7 31. Rh8 Rxd4 32. Rxh6 b5 33. h4 gxh4 34. Bxh4 b4 35. Rh7+ Kc6 36. Rh8 e5 37. Bf2 Rd1+ 38. Kh2 Rf1 39. Bg1 b3 40. Rc8+ Nc7 41. Rb8 Rb1 42. Rb6+ Kd7 43. Rxf6 Nd5 44. Rf7+ Kc6 45. Rf8 Rxg1 46. Kxg1 b2 47. Rc8+ Kb7 48. Rg8 b1=Q+ 49. Kf2 Qa2+ 50. Kg3 Nf4 51. Rg7+ Kc6 52. Kh2 Qf2 53. Kh1 Kd6 54. Rg4 Ke6 55. Kh2 Kf5 56. Rg8 Ne2 57. Rf8+ Kg5 58. Rg8+ Kf4 59. Rg4+ Kf5 60. Kh3 Ng1+ 61. Kh2 Nxf3+ 62. Kh3 Ng1+ 63. Kh2 Kxg4 $19 0-1

[Event "83rd ESP-ch Women-ch 2018"]
[Site "Linares"]
[Date "2018.08.28"]
[Round "9"]
[White "Sanchez Aller, Fernando"]
[Black "Sanchez Jerez, Emilio Miguel"]
[Result "1-0"]
[ECO "B00"]
[WhiteElo "2345"]
[BlackElo "2246"]
[Annotator "NA RC"]
[PlyCount "70"]
[EventDate "2018.08.09"]
[EventType "tourn"]
[EventCountry "ESP"]
[SourceTitle "playchess.com"]
[Source "ChessBase"]
[SourceQuality "1"]
[TimeControl "40/5400+30:1800+30"]

1. e4 d6 2. d4 e5 3. dxe5 dxe5 4. Qxd8+ Kxd8 5. Bc4 f6 {[%emt 0:00:06] LiveBook: 40 Games} 6. Nc3 c6 7. Be3 Kc7 {[%emt 0:00:28] B07: Pirc Defence: Miscellaneous Systems} (7... Nd7 8. O-O-O Kc7 9. f4 Bd6 10. f5 Ne7 11. g4 h6 12. h4 Bb4 13. Nge2 b5 14. Bb3 Nc5 15. g5 Nxb3+ 16. axb3 hxg5 17. hxg5 {1-0 (41) Martin Fuentes,A (2391)-Vazquez Igarza,R (2577) Linares 2018}) 8. Nge2 b5 9. Bb3 Nd7 $146 ({Predecessor:} 9... a5 10. a4 b4 11. Nb1 Na6 12. Ng3 g6 13. O-O Bc5 14. Bxc5 Nxc5 15. Nd2 Ba6 16. Rfe1 Rd8 17. Rad1 Ne7 {½-½ (17) Osborne,S (1986)-Delaney,K (1984) Bunratty 2008}) 10. Be6 Ne7 11. a4 b4 12. Na2 Nb6 13. Bxc8 Nexc8 14. b3 a5 15. Nac1 Nd6 16. f3 Nb7 17. Nd3 Nd7 18. Nec1 h5 19. Ke2 g6 20. Rd1 Nbc5 21. Nxc5 Nxc5 22. Nd3 Nxd3 23. Rxd3 Be7 24. Rad1 Rhd8 (24... Rad8 $1 $14) 25. Rxd8 Rxd8 26. Rxd8 Bxd8 27. Kd3 Kd7 28. Kc4 f5 29. Bd2 fxe4 30. fxe4 Bc7 31. Kc5 Bd6+ 32. Kb6 Bc7+ 33. Ka6 Kd6 34. Be3 $18 Bd8 35. Bb6 Bg5 1-0

[Event "83rd ESP-ch Women-ch 2018"]
[Site "Linares"]
[Date "2018.08.28"]
[Round "9"]
[White "Sosa Suarez, Carla Cristina"]
[Black "Gomez Ligero, Sergio"]
[Result "0-1"]
[ECO "B70"]
[WhiteElo "2006"]
[BlackElo "1826"]
[Annotator "NA RC"]
[PlyCount "91"]
[EventDate "2018.08.09"]
[EventType "tourn"]
[EventCountry "ESP"]
[SourceTitle "playchess.com"]
[Source "ChessBase"]
[SourceQuality "1"]
[TimeControl "40/5400+30:1800+30"]

1. e4 c5 2. Nf3 d6 3. d4 cxd4 4. Nxd4 Nf6 5. Nc3 g6 6. Bc4 Bg7 7. O-O O-O 8. Re1 Nc6 9. Nb3 a6 10. a4 Na5 11. Nxa5 Qxa5 {[%emt 0:00:07] LiveBook: 5 Games} 12. Nd5 {[%emt 0:00:31] B34: Sicilian: Accelerated Dragon with 5 Nc3: sidelines} (12. Bb3 Bg4 13. f3 Be6 14. Nd5 Bxd5 15. exd5 Rfe8 16. Bd2 Qc7 17. Bc3 Nd7 18. Bxg7 Kxg7 19. Qd4+ Kg8 {½-½ (37) Iuldachev,S (2511)-Ankit,R (2350) Mumbai 2010}) 12... Nxd5 13. exd5 Bg4 $146 ({Predecessor:} 13... Bf6 14. Bh6 Re8 15. c3 Bd7 16. Bf1 Qc7 17. Be3 e6 18. dxe6 Rxe6 19. Qb3 Rae8 20. Red1 Bc6 21. Bc4 R6e7 22. h3 Kg7 23. a5 h6 24. Bd5 Re5 25. Bxc6 Qxc6 26. Ra4 {½-½ (26) Calzetta Ruiz,M (2301)-Heinatz,G (2205) Porto Carras 2011}) 14. Be2 Bd7 15. c3 b5 16. Bg5 f6 ({Günstiger ist} 16... b4 $15 17. Bxe7 Rfe8 18. Bxd6 bxc3) 17. axb5 Qc7 18. Be3 axb5 19. Qb3 Qb7 (19... f5 $14) 20. Bd4 ({Better is} 20. c4 $16) 20... Rxa1 21. Rxa1 Ra8 22. Re1 Qa6 23. h4 Bf8 24. Qc2 Qa4 25. Qd2 Qa2 26. h5 Ra4 27. Bf3 Qc4 28. Be4 $16 f5 29. Bf3 Qc8 30. hxg6 hxg6 31. Qg5 Qe8 32. g3 Qf7 33. Kg2 Ra2 34. Qh4 Qh7 35. Qxh7+ Kxh7 36. Re2 Kg8 37. Rd2 Bh6 38. Rc2 Ra4 39. Be2 f4 40. Bd3 Kf7 41. gxf4 Bxf4 42. Kf3 Bg5 43. Kg3 Ra1 44. f4 Bf6 45. Bxf6 Kxf6 46. Re2 {[%emt 0:00:54] Ke5} 0-1